 Dungeon Crawl Stone Soup version 0.31.0-11-ge490571c62 (webtiles) character file.

Game seed: 9926125468990939980

0 monsoonserge the Sneak (level 1, -3/11 HPs)
             Began as a Spriggan Delver on Jan 30, 2024.
             Slain by a river rat (5 damage)
             ... in a sewer.
             The game lasted 00:00:37 (48 turns).

monsoonserge the Sneak (Spriggan Delver)              Turns: 48, Time: 00:00:38

Health: -3/11      AC:  2    Str:  8    XL:     1   Next: 8%
Magic:  2/2        EV: 17    Int: 11    God:
Gold:   0          SH:  0    Dex: 16    Spells: 0/0 levels left

rFire   . . .        a - +0 short sword
rCold   . . .        (no shield)
rNeg    . . .        b - +0 robe
rPois   .            (helmet restricted)
rElec   .            (no cloak)
rCorr   .            (gloves unavailable)
SInv    +            (boots unavailable)
Will    .....        (no amulet)
Stlth   ++++         (no ring)
HPRegen 0.21/turn    (no ring)
MPRegen 0.08/turn

%: no passive effects
@: very quick
A: very small, no large weapons, unfitting armour, see invisible, speed 3
a: no special abilities


You were in a sewer.
You visited 1 branch of the dungeon, and saw 1 of its levels.
You also visited: Sewer.

Inventory:

Hand Weapons
 a - a +0 short sword (weapon)
Armour
 b - a +0 robe (worn)
Wands
 g - a wand of digging (3)
Scrolls
 c - a scroll of fog
 d - a scroll of revelation
 e - a scroll of fear
Potions
 f - a potion of haste


   Skills:
 + Level 2.4 Fighting
 * Level 2.1 Short Blades
 + Level 2.6 Dodging
 + Level 7.3 Stealth


You couldn't memorise any spells.
You didn't know any spells.
Your spell library was empty.

Dungeon Overview and Level Annotations

Branches:
Dungeon (5/15)              Sewer (1/1)
 Temple: D:4-7

Altars:


Innate Abilities, Weirdness & Mutations

You are very small and have problems with some larger weapons.
You are too small for most types of armour.
You have supernaturally acute eyesight. (SInv)
You cover ground extremely quickly. (Speed+++)


Message History

Found 11 gold pieces.
A river rat and a phantom come into view.
The river rat squeaks loudly.
A ribbon worm comes into view.
Found a glowing drain.
Why would you want to do that?
You enter the shallow water.
Moving in this stuff is going to be slow.
Found 9 gold pieces.
Found a robe.
There is a glowing drain here.
You completely miss the river rat. The river rat closely misses you.
The river rat misses you.
The world spins around you as you enter the gateway.
You enter a sewer!
Found a gate leading back out of this place.
There is an empty arch of ancient stone here.
You enter the shallow water.
Moving in this stuff is going to be slow.
A frilled lizard comes into view.
You enter the shallow water.
Moving in this stuff is going to be slow.
The frilled lizard hisses angrily.
You hit the frilled lizard but do no damage.
The frilled lizard completely misses you.
You hit the frilled lizard.
You kill the frilled lizard!
Setting a skill training target for Short Blades at 10.0.
You enter the shallow water.
Moving in this stuff is going to be slow.
A rat, a river rat and a ball python come into view.
The rat squeaks loudly.
The ball python hisses angrily.
You closely miss the river rat. The river rat bites you!
Ouch! That really hurt!
* * * LOW HITPOINT WARNING * * *
You hit the river rat but do no damage.
A frilled lizard comes into view.
The river rat bites you.
You die...

#~# #~# #.# #~# #.#
#######r################
l..~~~~r~......~.~..~.~~
...~~S~@~~..~~...~....~.
########################


You could see a river rat, a ball python, a frilled lizard and a rat.

Vanquished Creatures
  A frilled lizard (Sewer)
1 creature vanquished.

Notes
Turn   | Place    | Note
-------+----------+-------------------------------------------
     0 | D:5      | monsoonserge the Spriggan Delver began the quest for the
                  | Orb.
     0 | D:5      | Reached XP level 1. HP: 11/11 MP: 2/2
     3 | D:5      | Noticed a phantom
    15 | D:5      | Found a glowing drain.
    26 | Sewer    | Entered a sewer
    48 | Sewer    | Slain by a river rat

Illustrated notes

Levels and vault maps discovered:
D:5:      layout_gridville, cheibrodos_sewer_entry_sluice, minmay_manual_mess
Sewer:    sewer_co_cracked_pipes

Action                     || total
---------------------------++-------
  Melee: Short sword       ||     5
 Armour: Robe              ||     2
  Dodge: Dodged            ||     3
